 Dungeon Crawl Stone Soup version 0.29-a0-43-g62a80824bf (webtiles) character file.

Game seed: 2161109313274390529

21 HallandMoats the Skirmisher (level 2, 0/21 HPs)
             Began as an Octopode Fighter on Feb 3, 2022.
             Was a Follower of Vehumet.
             Slain by a quokka (3 damage)
             ... on level 1 of the Dungeon.
             The game lasted 00:00:51 (433 turns).

HallandMoats the Skirmisher (Octopode Fighter)       Turns: 433, Time: 00:00:51

Health: 0/21       AC:  1    Str: 15    XL:     2   Next: 87%
Magic:  2/2        EV: 13    Int: 10    God:    Vehumet [*.....]
Gold:   25         SH:  4    Dex: 11    Spells: 2/2 levels left

rFire   . . .      SeeInvis .   a - +0 trident (venom)
rCold   . . .      Faith    .   b - +0 buckler
rNeg    . . .      Spirit   .   (helmet restricted)
rPois   .          Reflect  .   (no amulet)
rElec   .          Harm     .   (no ring)
rCorr   .          Rampage  .   (no ring)
Will    .....                   (no ring)
Stlth   ++........              (no ring)
HPRegen 0.07/turn               (no ring)
MPRegen 0.08/turn               (no ring)
                                (no ring)
                                (no ring)

@: no status effects
A: almost no armour, amphibious, 8 rings, camouflage 1, gelatinous body 1,
(nimble swimmer 1), tentacles
a: Renounce Religion


You were on level 1 of the Dungeon.
You worshipped Vehumet.
Vehumet was aware of your devotion.
You visited 1 branch of the dungeon, and saw 1 of its levels.

You collected 25 gold pieces.

Inventory:

Hand Weapons
 a - a +0 trident of venom (weapon)
Armour
 b - a +0 buckler (worn)
Potions
 c - a potion of might


   Skills:
 * Level 3.1 Fighting
 * Level 2.3 Polearms
 + Level 3.1 Dodging
 + Level 0.9 Stealth
 + Level 3.1 Shields
 + Level 0.5 Spellcasting
 * Level 0.9 Invocations


You had 2 spell levels left.
You didn't know any spells.
Your spell library was empty.

Dungeon Overview and Level Annotations

Branches:
Dungeon (1/15)

Altars:
Vehumet


Innate Abilities, Weirdness & Mutations

You cannot wear most types of armour.
You are amphibious.
You can wear up to eight rings at the same time.
Your skin changes colour to match your surroundings (Stealth+).
Your rubbery body absorbs attacks. (AC +1, EV +1)
((You are camouflaged when in or above water. (Stealth+)))
You have tentacles for arms and can constrict up to eight enemies at once.


Message History

You block the quokka's attack. The endoplasm freezes you.
You are frozen.
As you read the scroll labelled POAXZOCWUE, it crumbles to dust.
It is a scroll of brand weapon.
Your +0 trident drips with poison.
a - a +0 trident of venom (weapon)
The quokka bites you. The endoplasm freezes you.
You are frozen.
The kobold closely misses you.
The quokka bites you but does no damage.
You are too injured to fight recklessly!
Unknown command.
You are too injured to fight recklessly!
You are too injured to fight recklessly!
You are too injured to fight recklessly!
You are too injured to fight recklessly!
You are too injured to fight recklessly!
You hit the kobold.
The kobold is poisoned.
You grab the kobold.
The kobold is moderately wounded.
You constrict the kobold.
You kill the kobold!
Vehumet accepts your kill. The endoplasm freezes you.
You are frozen.
* * * LOW HITPOINT WARNING * * *
The quokka barely misses you.
You hit the endoplasm.
You kill the endoplasm!
Vehumet accepts your kill. The quokka bites you.
* * * LOW HITPOINT WARNING * * *
The quokka closely misses you.
Unknown command.
The quokka barely misses you. The quokka barely misses you.
The quokka closely misses you. The quokka completely misses you.
The quokka barely misses you. The quokka bites you.
You die...

#.##.#.#####
#########.##........
##.......#.##.#.#####
........#.##.#.#
#.......#.##.#.#
#.......#.##.#.#
#.......#.##.#.#
#..)r...#.)..#.#
#..@....####.#.#
#.......# ###.#
###.##########.#
#............#
##############


You could see a quokka.

Vanquished Creatures
  2 dart slugs (D:1)
  A bat (D:1)
  2 endoplasms (D:1)
  A giant cockroach (D:1)
  3 goblins (D:1)
  3 kobolds (D:1)
  A ball python (D:1)
  3 rats (D:1)
16 creatures vanquished.

Notes
Turn   | Place    | Note
-------+----------+-------------------------------------------
     0 | D:1      | HallandMoats the Octopode Fighter began the quest for the
                  | Orb.
     0 | D:1      | Reached XP level 1. HP: 16/16 MP: 1/1
   116 | D:1      | Found a faded altar of an unknown god.
   122 | D:1      | Reached XP level 2. HP: 21/21 MP: 2/2
   128 | D:1      | Prayed at the altar of an unknown god.
   128 | D:1      | Became a worshipper of Vehumet
   128 | D:1      | Reached * piety under Vehumet
   128 | D:1      | Offered knowledge of Magic Dart by Vehumet.
   433 | D:1      | Slain by a quokka

Illustrated notes

Levels and vault maps discovered:
D:1:      dpeg_arrival_short_road, layout_basic, ebering_ecumenical_altar_box

Action                   || total
-------------------------++-------
Melee: Trident           ||    31
       Constrict         ||     4
       Punch             ||     1
       Tentacles         ||     1
  Use: Scroll            ||     1
 Stab: Sleeping          ||     4
Armor: Skin              ||     1
Dodge: Dodged            ||    16
Block: Buckler           ||     5

Table legend: (Time is in decaauts)
 A = Elapsed time spent in this place.
 B = Non-inter-level travel time spent in this place.
 C = Inter-level travel time spent in this place.
 D = Time resting spent in this place.
 E = Time spent auto-exploring this place.
 F = Levels seen in this place.
 G = Mean time per level.
                   A        B        C        D        E       F      G
               +--------+--------+--------+--------+--------+-----+--------+
         Total |    440 |    440 |      0 |      0 |    339 |   1 |  440.0 |
       Dungeon |    440 |    440 |      0 |      0 |    339 |   1 |  440.0 |
               +--------+--------+--------+--------+--------+-----+--------+

Top non-repeatable levels by time:
     D:1: 440 daAuts
